 Dungeon Crawl Stone Soup version 0.26-a0-489-g112e8ad46e (webtiles) character file.

Game seed: 962254903641111785

22 KristoblXynda the Ducker (level 2, -1/22 HPs)
             Began as a Vampire Gladiator on Aug 3, 2020.
             Slain by Natasha (6 damage)
             ... on level 2 of the Dungeon.
             The game lasted 00:01:50 (814 turns).

KristoblXynda the Ducker (Vampire Gladiator)         Turns: 814, Time: 00:01:52

Health: -1/22      AC:  6    Str: 13    XL:     2   Next: 68%
Magic:  2/2        EV: 12    Int: 10    God:
Gold:   50         SH:  0    Dex: 15    Spells: 1/1 levels left

rFire    . . .     SeeInvis +   a - +0 long sword
rCold    . . .     Faith    .   (no shield)
rNeg     . . .     Spirit   .   i - +0 ring mail
rPois    .         Reflect  .   c - +0 helmet
rElec    .         Harm     .   g - scarf {repulsion}
rCorr    .                      (no gloves)
MR       .....                  (no boots)
Stlth    +.........             (no amulet)
HPRegen  0.27/turn              (no ring)
MPRegen  0.08/turn              (no ring)

@: flying, regenerating quickly, slowed, repel missiles, very slow
A: fangs 3, see invisible, unbreathing
a: Exsanguinate


You were on level 2 of the Dungeon.
You visited 1 branch of the dungeon, and saw 2 of its levels.

You collected 50 gold pieces.

Inventory:

Hand Weapons
 a - a +0 long sword (weapon)
Missiles
 d - 3 throwing nets (quivered)
Armour
 c - a +0 helmet (worn)
 g - a scarf of repulsion (worn)
 i - a +0 ring mail (worn)
Jewellery
 l - a +4 ring of evasion {unknown}
Scrolls
 e - 2 scrolls of enchant armour {unknown}
 j - a scroll of remove curse {unknown}
 m - a scroll of immolation {unknown}
Potions
 b - a potion of stabbing {unknown}
 f - a potion of degeneration {unknown}
 h - a potion of flight
 k - a potion of mutation {unknown}
 n - a potion of cancellation {unknown}
 o - a potion of curing {unknown}


   Skills:
 - Level 1.7 Fighting
 + Level 3.3 Long Blades
 - Level 1.5 Throwing
 + Level 0.7 Armour
 + Level 3.5 Dodging
 + Level 1.7 Stealth


You had one spell level left.
You didn't know any spells.
Your spell library was empty.

Dungeon Overview and Level Annotations

Branches:
Dungeon (2/15)

Altars:

Annotations:
D:2 Natasha


Innate Abilities, Weirdness & Mutations

Your natural rate of healing is unusually fast.
You have razor-sharp teeth.
You have supernaturally acute eyesight. (SInv)
You can survive without breathing.


Message History

Natasha casts a spell.
Natasha claws you but does no damage.
You closely miss Natasha.
Natasha is moderately wounded.
Natasha barely misses you.
You riposte.
You hit Natasha but do no damage.
Natasha is moderately wounded.
Natasha claws you but does no damage.
You closely miss Natasha.
Natasha is moderately wounded.
Natasha casts a spell at you. The magic dart hits you!
* * * LOW HITPOINT WARNING * * *
Natasha claws you but does no damage.
It was a potion of flight.
You feel very buoyant.
You fly up into the air.
Natasha wildly gestures.
You feel disoriented. Natasha claws you.
You die...

#.# #.# #.###########
#.#.........#
#.#.#######.#
#.#.#.......#
#...........#
#.#.#.......#
#@#.#.......#
#h#.#.......###
....5..5...........>#
####.##.#.#.......#.#
# #.##....###.#.#
............#.#
#.##.######'#.#
........#.....# ....
#.......#


You could see Natasha and a shadow imp (summoned).

Vanquished Creatures
  A dart slug (D:2)
  A leopard gecko (D:1)
  3 goblins (D:2)
  3 hobgoblins (D:1)
  A ball python (D:2)
  A bat (D:1)
  3 frilled lizards
  5 kobolds
  3 rats
21 creatures vanquished.

Notes
Turn   | Place    | Note
-------+----------+-------------------------------------------
     0 | D:1      | KristoblXynda the Vampire Gladiator began the quest for the
                  | Orb.
     0 | D:1      | Reached XP level 1. HP: 16/16 MP: 1/1
   260 | D:1      | Reached skill level 1 in Stealth
   342 | D:1      | Reached XP level 2. HP: 22/22 MP: 2/2
   651 | D:2      | Found a faded altar of an unknown god.
   805 | D:2      | Noticed Natasha
   814 | D:2      | Slain by Natasha

Illustrated notes

Levels and vault maps discovered:
D:1:      evilmike_arrival_home_sweet_home, layout_rooms
D:2:      layout_basic, overflow_temple_1_default,
          chequers_ecumenical_altar_island, uniq_natasha

Skill      XL: |  1 |
---------------+----+-----
Stealth        | 1 |  1.7
Fighting       | |  1.7
Long Blades    | |  3.3
Throwing       | |  1.5
Armour         | |  0.7
Dodging        | |  3.5

Action                   || total
-------------------------++-------
Melee: Long sword        ||    77
       Bite              ||    12
  Use: Potion            ||     1
Armor: Ring mail         ||    25
       Leather armour    ||     1
Dodge: Dodged            ||    46
       Rpst.: Long sword ||    13

Table legend: (Time is in decaauts)
 A = Elapsed time spent in this place.
 B = Non-inter-level travel time spent in this place.
 C = Inter-level travel time spent in this place.
 D = Time resting spent in this place.
 E = Time spent auto-exploring this place.
 F = Levels seen in this place.
 G = Mean time per level.
                   A        B        C        D        E       F      G
               +--------+--------+--------+--------+--------+-----+--------+
         Total |    844 |    828 |     16 |     49 |    481 |   2 |  422.0 |
       Dungeon |    844 |    828 |     16 |     49 |    481 |   2 |  422.0 |
               +--------+--------+--------+--------+--------+-----+--------+

Top non-repeatable levels by time:
     D:1: 524 daAuts
     D:2: 319 daAuts
